 Dungeon Crawl Stone Soup version 0.31-a0-662-g684573625c (webtiles) character file.

Game seed: 9177954982863992582

20447 2FriedEggs the Mimic (level 12, -3/128 HPs)
             Began as an Ogre Shapeshifter on Sept 1, 2023.
             Was a High Priest of Ru.
             Slain by a black mamba (16 damage)
             ... on level 2 of the Lair of Beasts.
             The game lasted 00:27:57 (12979 turns).

2FriedEggs the Mimic (Ogre Shapeshifter)           Turns: 12979, Time: 00:27:58

Health: -3/128     AC:  7    Str: 31    XL:     12   Next: 79%
Magic:  7/12       EV:  9    Int: 11    God:    Ru [*****.]
Gold:   123        SH:  0    Dex:  8    Spells: 11/11 levels left

rFire   . .          .
                       - Unarmed
rCold   . . .        (no shield)
rNeg    . . .        a - melded +0 animal skin
rPois   .            (helmet restricted)
rElec   .            n - +1 cloak
rCorr   .            (gloves unavailable)
SInv    .            (boots unavailable)
Will    +....        p - amulet of faith Stlth
                     P - +4 ring of protection
HPRegen 0.41/turn    m - +6 ring of strength
MPRegen 0.13/turn

%: faith
@: lethally poisoned (-3 -> -29), exhausted, maw-form
A: devouring maw, large, unfitting armour, tough skin 1, no stealth, inability
to use devices, inability to train dodging, no earth magic, no translocations
magic, no transmutations magic
a: Begin Untransformation, Renounce Religion, Draw Out Power, Power Leap,
Apocalypse


You were on level 2 of the Lair of Beasts.
You worshipped Ru.
Ru was extremely pleased with you.
You were a creature with a mouth for a stomach.
You visited 3 branches of the dungeon, and saw 14 of its levels.
You also visited: Bailey.

You collected 723 gold pieces.
You spent 600 gold pieces at shops.

Inventory:

Missiles
 u - 8 silver javelins
 R - 5 throwing nets
Armour
 a - a +0 animal skin (melded)
 n - a +1 cloak (worn)
 O - an orb of wrath
 T - +0 acid dragon scales
 X - a scarf of resistance
Jewellery
 e - a ring of protection from fire
 f - an amulet of magic regeneration
 m - a +6 ring of strength (right hand)
 p - an amulet of faith (around neck)
 r - an amulet of regeneration
 B - a +6 ring of intelligence
 F - a ring of magical power
 G - a ring of protection from cold
 P - a +4 ring of protection (left hand)
 U - a +6 ring of strength
Talismans
 c - a beast talisman
 d - a flux talisman
 J - a serpent talisman
 V - a blade talisman
 Y - a maw talisman (active)
Wands
 o - a wand of polymorph (10) (quivered)
 v - a wand of iceblast (4)
 x - a wand of charming (13)
 C - a wand of quicksilver (13)
 H - a wand of digging (9)
Scrolls
 b - 11 scrolls of identify
 j - 5 scrolls of teleportation
 s - 3 scrolls of amnesia
 w - a scroll of torment
 y - a scroll of noise
 z - 2 scrolls of vulnerability
 D - 3 scrolls of immolation
 I - a scroll of enchant weapon
 L - 2 scrolls of fear {unknown}
 N - a scroll of poison {unknown}
 Q - a scroll of enchant armour
 W - a scroll of blinking {unknown}
Potions
 g - 2 potions of haste {unknown}
 i - 2 potions of enlightenment
 k - a potion of attraction
 l - 2 potions of degeneration
 q - a potion of magic {unknown}
 t - a potion of berserk rage {unknown}
 A - a potion of brilliance {unknown}
 E - 4 potions of might {unknown}
 K - 3 potions of curing
 M - a potion of heal wounds {unknown}
 S - a potion of mutation {unknown}


   Skills:
 - Level 10.6 Fighting
 * Level 12.1 Unarmed Combat
 * Level 13.6 Shapeshifting


You had 11 spell levels left.
You didn't know any spells.
Your spell library contained the following spells:

 Spells                   Type           Power      Damage    Failure   Level
 Shock                    Conj/Air       0%         1d3       34%         1
 Summon Small Mammal      Summ           0%         N/A       34%         1
 Call Canine Familiar     Summ           0%         N/A       71%         3
 Hailstorm                Conj/Ice       0%         3d3       71%         3
 Summon Guardian Golem    Hex/Summ       0%         N/A       71%         3
 Tukima's Dance           Hex            0%         N/A       71%         3
 Summon Ice Beast         Ice/Summ       0%         N/A       98%         4
 Summon Lightning Spire   Summ/Air       0%         N/A       98%         4
 Fireball                 Conj/Fire      0%         3d3       100%        5
 Iskenderun's Battlesphe  Conj           0%         2d6       100%        5
 Conjure Ball Lightning   Conj/Air       0%         3x3d6     100%        6
 Simulacrum               Ice/Necr       0%         N/A       100%        6
 Orb of Destruction       Conj           0%         9d5       100%        7
 Spellforged Servitor     Conj/Summ      0%         N/A       100%        7
 Passage of Golubria      Tloc           Unusable   N/A       N/A         4
 Petrify                  Tmut/Erth      Unusable   N/A       N/A         4
 Yara's Violent Unravell  Hex/Tmut       Unusable   3d3       N/A         5
 Eringya's Noxious Bog    Tmut/Pois      Unusable   4d6       N/A         6
 Leda's Unmaking          Conj/Erth      Unusable   9d1       N/A         6

Dungeon Overview and Level Annotations

Branches:
Dungeon (11/15)            Temple (1/1) D:5            Lair (2/5) D:11
 Bailey (visited)
  Swamp: Lair:2-3    Shoals: Lair:2-3     Snake: Lair:2-3    Spider: Lair:2-3
    Orc: D:9-12

Altars:
Ashenzari
Cheibriados
Dithmenos
Elyvilon
Fedhas
Gozag
Hepliaklqana
Kikubaaqudgha
Makhleb
Nemelex Xobeh
Okawaru
Qazlal
Ru
Sif Muna
Trog
Uskayaw
Vehumet
Wu Jian
Xom
Yredelemnul
Zin
The Shining One

Shops:
D:5 [   D:6 *   D:9 =   D:11 *


Innate Abilities, Weirdness & Mutations

You are a creature with a mouth for a stomach.
Your midsection houses a second, enormous mouth.
You are too large for most types of armour.
You have tough skin. (AC +1)
You cannot be stealthy.
You cannot study or use magical devices.
You cannot train Dodging skill.
You cannot study or cast Earth magic.
You cannot study or cast Translocations magic.
You cannot study or cast Transmutations magic.


Message History

You feel extremely sick.
The black mamba is no longer blind.
You feel extremely sick. The black mamba bites you!
You are more poisoned.
The black mamba poisons you!
You feel extremely sick. The black mamba barely misses you.
You feel extremely sick.
The black mamba attacks as it pursues you!
The black mamba bites you!
You focus your inner power and illuminate the black mamba in retribution!
The black mamba bites you.
You feel very sick.
The black mamba attacks as it pursues you!
The black mamba barely misses you.
The black mamba bites you but does no damage.
You feel very sick.
You see here a water moccasin corpse.
You feel very sick. The black mamba completely misses you.
You feel better. The black mamba bites you!
* * * LOW HITPOINT WARNING * * *
You are poisoned.
The black mamba poisons you!
You focus your inner power and blind the black mamba in retribution!
The black mamba bites you.
* * * LOW HITPOINT WARNING * * *
You are lethally poisoned!
The black mamba poisons you!
Aiming: Power Leap
Press: ? - help, Dir - move target
Okay, then.
Okay, then.
Aiming: Power Leap
Press: ? - help, Dir - move target
* * * LOW HITPOINT WARNING * * *
You feel extremely sick. The black mamba bites you!
You die...

.........############P..#
...........#....#..#....##
................<........##
......................#..>#
#...............P#...P###.#
#....#.#......P...#.####..##
#..
.F###P.....##.#..####.P## .
.... ##Y.F.####....# #...#
..... #.YYW# ###.####..##
..#.. ###S## #.P.##.## # #.
#..## #...##.## .. #...#
##.......# #...## #.#[....P#
##...######....####
##...##PP.....#P.#
#P#.............##
###P..............


You could see a black mamba (blind, corona), 3 yaks and a cane toad.

Vanquished Creatures
  Harold (D:10)
  A boulder beetle (D:11)
  3 two-headed ogres
  Lodul (D:10)
  A cyclops (D:11)
  Joseph (D:10)
  5 torpor snails (Lair:1)
  3 cane toads (Lair:1)
  3 kobold demonologists (D:11)
  A komodo dragon (Lair:1)
  A troll (D:10)
  A polar bear (Lair:1)
  15 blink frogs (Lair:1)
  2 hornets
  Sigmund (D:3)
  6 wyverns
  15 yaks
  A wraith (D:9)
  A basilisk (D:11)
  A steam dragon (D:8)
  4 vampire mosquitoes (D:11)
  2 acid dragons
  Pargi (D:3)
  2 sky beasts
  5 water moccasins
  4 orc warriors
  2 black bears
  9 ogres (D:10)
  9 centaurs
  2 kobold brigands (D:11)
  6 bullfrogs
  2 scorpions
  4 killer bees
  4 howler monkeys
  An electric eel (Lair:1)
  A lava snake (D:9)
  8 orc priests
  3 hounds
  2 sleepcaps
  Jessica (D:3)
  2 iguanas (D:5)
  6 hell rats (Lair:1)
  13 orc wizards
  Natasha (twice) (D:3)
  10 adders
  4 gnolls
  A shadow imp (D:5)
  2 worms
  A dart slug (D:2)
  51 orcs
  7 endoplasms
  2 giant cockroaches (D:3)
  11 hobgoblins
  4 jackals (D:1)
  2 quokkas
  4 ball pythons
  3 bats
  2 frilled lizards
  7 goblins
  8 kobolds
  A rat (D:3)
279 creatures vanquished.

Vanquished Creatures (others)
  2 goblins (D:8)
2 creatures vanquished.

Grand Total: 281 creatures vanquished

Notes
Turn   | Place    | Note
-------+----------+-------------------------------------------
     0 | D:1      | 2FriedEggs the Ogre Shapeshifter began the quest for the
                  | Orb.
     0 | D:1      | Reached XP level 1. HP: 19/19 MP: 1/1
   359 | D:1      | Reached XP level 2. HP: 20/27 MP: 2/2
   917 | D:2      | Reached XP level 3. HP: 29/35 MP: 3/3
   960 | D:2      | Reached skill level 4 in Shapeshifting
  1377 | D:3      | Noticed Jessica
  1388 | D:3      | Killed Jessica
  1389 | D:3      | Reached XP level 4. HP: 44/44 MP: 4/4
  1415 | D:3      | Found a faded altar of an unknown god.
  1608 | D:3      | Noticed Natasha
  1610 | D:3      | Killed Natasha
  1612 | D:3      | Noticed Natasha
  1620 | D:3      | Killed Natasha
  1621 | D:3      | Reached XP level 5. HP: 47/53 MP: 5/5
  1632 | D:3      | Reached skill level 5 in Shapeshifting
  1694 | D:3      | Reached XP level 6. HP: 62/62 MP: 6/6
  1768 | D:3      | Noticed Pargi
  1773 | D:3      | Killed Pargi
  1797 | D:3      | Noticed Sigmund
  1800 | D:3      | Killed Sigmund
  1801 | D:3      | Reached skill level 5 in Fighting
  1801 | D:3      | Reached skill level 6 in Shapeshifting
  1801 | D:3      | Reached XP level 7. HP: 68/72 MP: 7/7
  2584 | D:5      | Entered Level 5 of the Dungeon
  2596 | D:5      | Found a staircase to the Ecumenical Temple.
  2609 | Temple   | Entered the Ecumenical Temple
  2647 | Temple   | Became a worshipper of Ru the Awakened
  2668 | D:5      | Reached skill level 7 in Shapeshifting
  3086 | D:5      | Reached XP level 8. HP: 86/87 MP: 8/8
  3454 | D:5      | Found Satupt's Antique Armour Shop.
  3565 | D:5      | Got the Incunable of the Metamorphic Sky
  3809 | D:6      | Gained mutation: You cannot study or cast Earth magic. [Ru
                  | sacrifice]
  3809 | D:6      | Gained mutation: You cannot study or cast Transmutations
                  | magic. [Ru sacrifice]
  3809 | D:6      | Gained mutation: You cannot study or cast Translocations
                  | magic. [Ru sacrifice]
  3809 | D:6      | Reached * piety under Ru
  3956 | D:6      | Found Ketaz's Lightly-Used Armoury.
  4547 | D:7      | Noticed a wyvern
  4570 | D:6      | Killed a wyvern
  4571 | D:6      | Reached skill level 10 in Fighting
  5297 | D:8      | Found a flagged portal.
  5317 | Bailey   | Entered a bailey
  5345 | Bailey   | Reached XP level 9. HP: 16/102 MP: 9/9
  5361 | Bailey   | HP: 7/153 [orc/+0 hand axe (4)]
  5563 | Bailey   | Noticed an orc knight
  5715 | D:8      | Found a hazy altar of Hepliaklqana.
  5718 | D:8      | Found a burning altar of Makhleb.
  5718 | D:8      | Found an ancient bone altar of Kikubaaqudgha.
  6071 | D:8      | Reached skill level 8 in Shapeshifting
  6386 | D:8      | Reached skill level 5 in Unarmed Combat
  6441 | D:8      | Gained mutation: You cannot be stealthy. [Ru sacrifice]
  6441 | D:8      | Reached ** piety under Ru
  6540 | D:8      | Noticed a centaur warrior
  6921 | D:9      | Found Xidil's Jewellery Boutique.
  7674 | D:9      | Reached skill level 9 in Shapeshifting
  7674 | D:9      | Reached XP level 10. HP: 100/111 MP: 10/10
  8168 | D:10     | Entered Level 10 of the Dungeon
  8433 | D:10     | Noticed Lodul
  8440 | D:10     | Killed Lodul
  8441 | D:10     | Reached skill level 10 in Shapeshifting
  8508 | D:10     | Gained mutation: You cannot train Dodging skill. [Ru
                  | sacrifice]
  8508 | D:10     | Reached *** piety under Ru
  8619 | D:10     | Noticed a two-headed ogre
  8626 | D:10     | Killed a two-headed ogre
  8889 | D:10     | Noticed Harold
  8889 | D:10     | Noticed Joseph
  8902 | D:10     | Killed Harold
  8903 | D:10     | Reached XP level 11. HP: 119/119 MP: 11/11
  8908 | D:10     | Killed Joseph
  9173 | D:10     | Noticed a two-headed ogre
  9176 | D:10     | Killed a two-headed ogre
  9177 | D:10     | Reached skill level 11 in Shapeshifting
  9849 | D:11     | Found a staircase to the Lair.
 10137 | D:11     | Noticed a boulder beetle
 10148 | D:11     | Killed a boulder beetle
 10198 | D:11     | Paralysed by a hornet for 2 turns
 10361 | D:11     | Gained mutation: You cannot study or use magical devices.
                  | [Ru sacrifice]
 10361 | D:11     | Reached **** piety under Ru
 10361 | D:11     | Reached ***** piety under Ru
 10365 | D:11     | Reached skill level 10 in Unarmed Combat
 10403 | D:11     | Noticed a two-headed ogre
 10407 | D:11     | Killed a two-headed ogre
 10554 | D:11     | Found Likhilox's Overcharged Wands.
 10682 | D:11     | Noticed a cyclops
 10686 | D:11     | Killed a cyclops
 10687 | D:11     | Reached skill level 12 in Shapeshifting
 10909 | D:11     | Noticed a soul eater
 11319 | Lair:1   | Entered Level 1 of the Lair of Beasts
 11395 | Lair:1   | Reached XP level 12. HP: 128/128 MP: 12/12
 11725 | Lair:1   | Reached skill level 13 in Shapeshifting
 12055 | Lair:1   | Found a snail-covered altar of Cheibriados.
 12757 | D:9      | Bought a maw talisman for 600 gold pieces
 12979 | Lair:2   | Slain by a black mamba

Illustrated notes

Levels and vault maps discovered:
D:1:      lemuel_arrival_room, layout_rooms, kennysheep_decorative_pillar,
          chequers_serial_rivers_micro_a
D:2:      layout_basic, st_stairs_12, minmay_three_crescents
D:3:      layout_basic, ebering_ecumenical_altar_sacrificial, uniq_jessica,
          uniq_sigmund, uniq_pargi, uniq_natasha
D:4:      layout_basic
D:5:      layout_basic, minmay_temple_entry_tees, serial_shops,
          kennysheep_little_box
D:6:      layout_loops_ring, nicolae_concentric_dashed_squares_mild,
          minmay_shop_damaged
D:7:      layout_cave_pods, nrook_campfire
D:8:      kennysheep_blocky_room, layout_basic,
          chequers_temple_overflow_statue_of_worship, enter_bailey_5
D:9:      layout_loops_corners, serial_shops, nicolae_square_shop,
          amethyst_killhole, kennysheep_generic_room_2
D:10:     layout_roguey, uniq_lodul, uniq_harold, uniq_joseph
D:11:     layout_grid_maze, david_lair_generic, nicolae_shop_overcharged_wands
Temple:   nicolae_temple_bog_church
Lair:1:   layout_regular_city, kennysheep_snail_temple, lemuel_fruit_tree,
          serial_bayou_shore_a
Lair:2:   layout_layer_cave

Skill      XL: |  1  2  3  4  5  6  7  8  9 10 11 12 |
---------------+-------------------------------------+-----
Fighting       | 2 3 4 5 7 10 | 10.6
Shapeshifting  | 4 5 6 7 9 10 12 13 | 13.6
Unarmed Combat | 3 6 8 10 12 | 12.1
Dodging        | 0 |  0.0

Action                     |  1- 3 |  4- 6 |  7- 9 | 10-12 || total
---------------------------+-------+-------+-------+-------++-------
  Melee: Unarmed           |    21 |       |   152 |   322 ||   495
         Dagger            |    62 |    61 |   231 |       ||   354
         Punch             |       |     1 |     3 |       ||     4
         Constrict         |       |       |     7 |    77 ||    84
         Maw               |       |       |       |     3 ||     3
 Invoke: Sacrifice Arcana  |       |       |     1 |       ||     1
         Sacrifice Stealth |       |       |     1 |       ||     1
         Sacrifice Nimblen |       |       |       |     1 ||     1
         Power Leap        |       |       |       |     2 ||     2
         Sacrifice Artific |       |       |       |     1 ||     1
         Reject Sacrifices |       |       |       |     1 ||     1
  Evoke: Wand              |       |     9 |       |     5 ||    14
    Use: Scroll            |       |     2 |    16 |       ||    18
         Potion            |       |       |     4 |     1 ||     5
   Stab: Invisible         |       |       |       |     2 ||     2
         Distracted        |       |       |       |     1 ||     1
 Armour: Animal skin       |    53 |    42 |   244 |       ||   339
         Skin              |       |       |   119 |   284 ||   403
  Dodge: Dodged            |    35 |    29 |   140 |   126 ||   330
   Form: Flux              |       |       |     1 |       ||     1
         Anaconda          |       |       |     1 |     1 ||     2
         Blade             |       |       |       |     1 ||     1
         Maw               |       |       |       |     1 ||     1

Table legend: (Time is in decaauts)
 A = Elapsed time spent in this place.
 B = Non-inter-level travel time spent in this place.
 C = Inter-level travel time spent in this place.
 D = Time resting spent in this place.
 E = Time spent auto-exploring this place.
 F = Levels seen in this place.
 G = Mean time per level.
                   A        B        C        D        E       F      G
               +--------+--------+--------+--------+--------+-----+--------+
         Total |  12937 |  12297 |    640 |   1431 |   8679 |  15 |  862.5 |
       Dungeon |  11152 |  10614 |    538 |   1250 |   7576 |  11 | 1013.8 |
        Temple |     49 |     39 |     10 |      0 |      0 |   1 |   49.0 |
          Lair |   1475 |   1384 |     91 |      0 |   1103 |   2 |  737.5 |
        Bailey |    259 |    259 |      0 |    181 |      0 |   1 |  259.0 |
               +--------+--------+--------+--------+--------+-----+--------+

Top non-repeatable levels by time:
    D:11: 1845 daAuts
    D:10: 1369 daAuts
  Lair:1: 1369 daAuts
     D:9: 1363 daAuts
     D:8: 1283 daAuts
     D:5: 967 daAuts
     D:6: 879 daAuts
     D:7: 862 daAuts
     D:3: 695 daAuts
     D:1: 688 daAuts
     D:2: 639 daAuts
     D:4: 558 daAuts
  Bailey: 259 daAuts
  Lair:2: 106 daAuts
  Temple: 49 daAuts
